 Dungeon Crawl Stone Soup version 0.24-a0-201-gf2055891f0 (webtiles) character file.

Game seed: 7355143589853122546

3285 MrRokkomies the Thrower (level 10, -17/104 HPs)
             Began as an Ogre Hunter on Mar 19, 2019.
             Was a Believer of Okawaru.
             Demolished by an orc warrior
             ... wielding a +0 war axe
              (22 damage)
             ... in a bailey.
             The game lasted 00:21:15 (7663 turns).

MrRokkomies the Thrower (Ogre Hunter)               Turns: 7663, Time: 00:21:16

Health: -17/104    AC:  6    Str: 18    XL:     10   Next: 0%
Magic:  19/19      EV: 10    Int: 12    God:    Okawaru [**....]
Gold:   171        SH:  0    Dex: 12    Spells: 9/9 levels left

rFire    . . .     SeeInvis +   a - +3 quarterstaff (chaos)
rCold    + . .     Gourm    +   (shield currently unavailable)
rNeg     . . .     Faith    .   l - +2 robe {rC+}
rPois    .         Spirit   .   (helmet restricted)
rElec    .         Reflect  .   x - +0 cloak
rCorr    .         Harm     .   (gloves unavailable)
MR       +....                  (boots unavailable)
Stlth    +.........             C - amulet of the gourmand
HPRegen  0.27/turn              e - ring of magical power
MPRegen  0.16/turn              r - ring of see invisible

@: about to teleport
A: large, unfitting armour, tough skin 1
a: Heroism, Renounce Religion


You were in a bailey.
You worshipped Okawaru.
Okawaru was pleased with you.
You were not hungry.

You visited 2 branches of the dungeon, and saw 8 of its levels.
You also visited: Bailey.

You collected 171 gold pieces.

Inventory:

Hand Weapons
 a - a +3 quarterstaff of chaos (weapon)
 b - a +0 blowgun
 j - a +2 dagger of protection
Missiles
 c - 5 large rocks
 d - a throwing net
 h - 144 stones
 v - 14 poisoned needles
 G - 5 curare-tipped needles
 H - 5 tomahawks (quivered)
Armour
 l - a +2 robe of cold resistance (worn)
 x - a +0 cloak (worn)
Jewellery
 e - a ring of magical power (left hand)
 p - an uncursed ring of resist corrosion
 q - an uncursed ring of flight
 r - a ring of see invisible (right hand)
 C - an amulet of the gourmand (around neck)
Wands
 t - a wand of enslavement (6)
 y - a wand of digging (7)
 z - a wand of iceblast (13)
 D - a wand of flame (18)
Scrolls
 m - 4 scrolls of remove curse
 n - 2 scrolls of teleportation
 o - a scroll of fog
 w - 2 scrolls of identify
 E - 2 scrolls of amnesia
 I - a scroll of silence {unknown}
 J - a scroll of summoning {unknown}
Potions
 g - 3 potions of curing
 i - a potion of resistance
 k - a potion of berserk rage
 s - a potion of agility
 u - a potion of degeneration {unknown}
 A - a potion of ambrosia {unknown}
 B - a potion of heal wounds {unknown}
 F - 2 potions of invisibility {unknown}
Comestibles
 f - 13 rations


   Skills:
 - Level 8.0 Fighting
 * Level 7.8 Staves
 * Level 10.5 Throwing
 - Level 1.7 Dodging
 - Level 0.6 Stealth


You had 9 spell levels left.
You didn't know any spells.
Your spell library contained the following spells:

 Spells                   Type           Power        Failure   Level  Hunger
 Sandblast                Erth           #.....       32%         1    ##.....
 Passwall                 Tmut/Erth      #.......     45%         2    ###....
 Stone Arrow              Conj/Erth      #.....       69%         3    ####...
 Petrify                  Tmut/Erth      #.......     97%         4    #####..
 Lee's Rapid Deconstruct  Erth           #.........   100%        5    ######.


Dungeon Overview and Level Annotations

Branches:
Dungeon (7/15)             Temple (1/1) D:6

Altars:
Ashenzari
Cheibriados
Dithmenos
Elyvilon
Fedhas
Gozag
Hepliaklqana
Kikubaaqudgha
Makhleb
Nemelex Xobeh
Okawaru
Qazlal
Ru
Sif Muna
Trog
Uskayaw
Vehumet
Wu Jian
Xom
Yredelemnul
Zin
The Shining One

Shops:
D:5 %[*


Innate Abilities, Weirdness & Mutations

You are too large for most types of armour.
You have tough skin. (AC +1)


Message History

The orc warrior misses you.
The orc warrior hits you with a +0 war axe!
You are too injured to fight recklessly!
You are too injured to fight recklessly!
You are too injured to fight recklessly!
You are too injured to fight recklessly!
You completely miss the orc warrior.
The orc warrior is moderately wounded.
The orc warrior closely misses you.
You barely miss the orc warrior.
The orc warrior is moderately wounded.
The orc warrior hits you with a +0 war axe!!
* * * LOW HITPOINT WARNING * * *
The orc warrior closely misses you.
As you read the scroll of teleportation, it crumbles to dust.
You feel strangely unstable.
The orc warrior hits you with a +0 broad axe!
* * * LOW HITPOINT WARNING * * *
The orc warrior hits you with a +0 war axe!!
You die...

### ≈≈≈≈ #.. ≈≈≈≈≈
#..###≈≈≈≈≈≈ #....#≈≈≈≈≈≈
#....#≈≈≈≈≈≈
.#########'#≈≈≈≈≈≈
\...^.'..#oo≈≈≈≈≈≈ ######
######..#@≈≈≈≈≈≈≈≈ #[[..#
#..?!#..#.≈≈≈≈≈≈≈≈ #[[..+
'..?:#..#.≈≈≈≈≈≈≈≈
#############..#.≈≈≈≈≈≈≈≈
#))).)).....#)##.≈≈≈≈≈≈≈≈
.)...)_........'.≈≈≈≈≈≈≈≈
.............8.#.≈≈≈≈≈≈≈≈
...............#))≈≈≈≈≈≈≈
.###########)8.#.)≈≈≈≈≈≈≈


You could see 2 orc warriors.

Vanquished Creatures
  An orc knight (Bailey)
  2 kobold demonologists (Bailey)
  Prince Ribbit (D:6)
  2 orc warriors (Bailey)
  An ice beast (D:6)
  A hornet zombie (D:7)
  An ogre (D:6)
  A black bear (shapeshifter) (D:5)
  A black bear (D:7)
  A phantom (D:5)
  2 centaurs
  A big kobold (D:7)
  A bullfrog (D:6)
  5 scorpions
  A jelly (D:6)
  2 crimson imps
  2 howler monkeys
  A bullfrog zombie (D:3)
  A bullfrog skeleton (D:4)
  Crazy Yiuf (D:4)
  6 orc wizards
  Ijyb (D:5)
  An iguana (D:7)
  4 worker ants
  A hound zombie (D:7)
  A hound skeleton (D:4)
  5 adders
  6 gnolls
  3 oozes
  An adder zombie (D:5)
  A worm (D:2)
  3 dart slugs
  5 leopard geckos
  21 orcs
  4 ball pythons
  4 giant cockroaches
  13 goblins
  18 hobgoblins
  8 jackals
  14 kobolds
  3 quokkas
  9 bats
  9 frilled lizards
  A jackal skeleton (D:7)
  7 rats
178 creatures vanquished.

Vanquished Creatures (others)
  A frilled lizard (D:2)
  2 rats (D:2)
3 creatures vanquished.

Grand Total: 181 creatures vanquished

Notes
Turn   | Place    | Note
-------+----------+-------------------------------------------
     0 | D:1      | MrRokkomies the Ogre Hunter began the quest for the Orb.
     0 | D:1      | Reached XP level 1. HP: 22/22 MP: 1/1
   366 | D:1      | Reached XP level 2. HP: 26/31 MP: 2/2
  1193 | D:1      | Reached XP level 3. HP: 15/39 MP: 3/3
  1661 | D:2      | Reached XP level 4. HP: 44/49 MP: 4/4
  1771 | D:2      | Found a radiant altar of Vehumet.
  1775 | D:2      | Reached skill level 5 in Fighting
  1775 | D:2      | Reached skill level 5 in Throwing
  1775 | D:2      | Reached XP level 5. HP: 53/57 MP: 5/5
  2803 | D:3      | Reached XP level 6. HP: 67/67 MP: 6/6
  3246 | D:4      | Reached skill level 6 in Throwing
  3749 | D:4      | Found a runed translucent door.
  3750 | D:4      | Noticed Crazy Yiuf
  3763 | D:4      | Killed Crazy Yiuf
  3826 | D:5      | Entered Level 5 of the Dungeon
  3907 | D:5      | Noticed a shapeshifter
  3907 | D:5      | a howler monkey changed into a shapeshifter
  3907 | D:5      | Noticed a black bear
  3907 | D:5      | a shapeshifter changed into a black bear
  3910 | D:5      | Killed a black bear
  3910 | D:5      | Reached XP level 7. HP: 70/78 MP: 7/7
  3933 | D:5      | Noticed Ijyb
  3944 | D:5      | Killed Ijyb
  4229 | D:5      | Found Zeucw's Armour Emporium.
  4395 | D:5      | Reached skill level 7 in Throwing
  4432 | D:5      | Found Enopomos's Food Shop.
  4475 | D:5      | Reached skill level 1 in Staves
  4523 | D:5      | Reached XP level 8. HP: 73/88 MP: 8/8
  4764 | D:5      | Found Wakko's Assorted Antiques.
  5152 | D:6      | Found a staircase to the Ecumenical Temple.
  5174 | Temple   | Entered the Ecumenical Temple
  5269 | Temple   | Became a worshipper of Warmaster Okawaru
  5343 | D:6      | Reached skill level 8 in Throwing
  5751 | D:6      | Reached * piety under Okawaru
  6328 | D:6      | Noticed Prince Ribbit
  6332 | D:6      | Killed Prince Ribbit
  6332 | D:6      | Reached skill level 5 in Staves
  6332 | D:6      | Reached skill level 9 in Throwing
  6332 | D:6      | Reached XP level 9. HP: 77/96 MP: 9/9
  6768 | D:7      | Reached ** piety under Okawaru
  6937 | D:7      | Found a flagged portal.
  6944 | Bailey   | Entered a bailey
  7255 | Bailey   | Found an iron altar of Okawaru.
  7255 | Bailey   | Noticed a kobold demonologist
  7256 | Bailey   | Noticed a kobold demonologist
  7266 | Bailey   | Noticed a hellwing
  7266 | Bailey   | Killed a kobold demonologist
  7296 | Bailey   | Killed a kobold demonologist
  7370 | Bailey   | Noticed an orc knight
  7391 | Bailey   | Reached skill level 10 in Throwing
  7392 | Bailey   | Killed an orc knight
  7408 | Bailey   | Reached XP level 10. HP: 45/104 MP: 10/10
  7663 | Bailey   | HP: 5/104 [orc warrior/+0 broad axe (16)]
  7663 | Bailey   | Demolished by an orc warrior

Levels and vault maps discovered:
D:1:      dpeg_arrival_shrine, layout_loops_corners
D:2:      layout_rooms, fiery_altar_vehumet
D:3:      layout_loops_cross, grunt_ministairs_12
D:4:      layout_basic, serial_glass, glass_columns_b, glass_columns_a,
          uniq_crazy_yiuf_cottage
D:5:      layout_basic, serial_shops, kennysheep_mini_moat, shop,
          kennysheep_little_box, first_ration, st_stairs_14, uniq_ijyb
D:6:      layout_basic, minmay_temple_entry_stoned_glass, uniq_prince_ribbit1
D:7:      layout_basic, enter_bailey_2
Temple:   grunt_wide_crystal_templ
Bailey:   bailey_axe_of_yendor_kennysheep, bailey

Skill      XL: |  1  2  3  4  5  6  7  8  9 |
---------------+----------------------------+-----
Fighting       | 3 4 5 6 7 8 |  8.0
Throwing       | 5 6 7 9 10 | 10.5
Staves         | 1 5 7 |  7.8
Dodging        | |  1.7
Stealth        | |  0.6

Action                   |  1- 3 |  4- 6 |  7- 9 | 10-12 || total
-------------------------+-------+-------+-------+-------++-------
Melee: Short sword       |    35 |       |       |       ||    35
       Dagger            |   105 |   279 |       |       ||   384
       Quarterstaff      |       |     7 |   211 |     6 ||   224
 Fire: Blowgun           |       |       |     5 |       ||     5
Throw: Stone             |     3 |       |       |       ||     3
       Tomahawk          |     4 |    22 |    44 |       ||    70
       Large rock        |       |     1 |     8 |       ||     9
       Throwing net      |       |     1 |     3 |       ||     4
  Use: Scroll            |     3 |     7 |     2 |     1 ||    13
       Potion            |     1 |       |       |       ||     1
 Stab: Sleeping          |     1 |     2 |     1 |       ||     4
       Paralysed         |       |       |     6 |       ||     6
       Held in net/web   |       |       |     2 |       ||     2
       Confused          |       |       |     1 |       ||     1
  Eat: Chunk             |     2 |     7 |     8 |       ||    17
       Ration            |       |       |     2 |       ||     2
Armor: Robe              |    40 |   102 |    72 |       ||   214
Dodge: Dodged            |    92 |   151 |   113 |     4 ||   360

Table legend:
 A = Non-vault XP
 B = Vault XP
 C = Vault XP percentage of total XP
 D = Non-vault monster count
 E = Vault monster count
 F = Vault count percentage of total count
                 A         B        C        D         E       F
            +---------+---------+-------+---------+---------+-------
      Total |    2590 |    2103 |  44.8 |     140 |      38 |  21.3
            +---------+---------+-------+---------+---------+-------
        D:1 |      45 |       0 |   0.0 |      21 |       0 |   0.0
        D:2 |     135 |       0 |   0.0 |      24 |       0 |   0.0
        D:3 |     143 |      47 |  24.7 |      24 |       4 |  14.3
        D:4 |     159 |      40 |  20.1 |      14 |       1 |   6.7
        D:5 |     739 |      36 |   4.6 |      25 |       1 |   3.8
        D:6 |     844 |     274 |  24.5 |      13 |       1 |   7.1
        D:7 |     525 |       0 |   0.0 |      19 |       0 |   0.0
     Bailey |       0 |    1706 | 100.0 |       0 |      31 | 100.0
            +---------+---------+-------+---------+---------+-------
